 Dungeon Crawl Stone Soup version 0.30-a0-760-g5a9884bb7c (webtiles) character file.

Game seed: 18241003491007847616

2366 theblackgale the Martial Artist (level 9, -6/106 HPs)
             Began as a Gnoll Transmuter on Feb 10, 2023.
             Was an Initiate of Ashenzari.
             Blown up by an eye of devastation (13 damage)
             ... with a bolt of energy
             ... on level 6 of the Dungeon.
             The game lasted 00:33:45 (3584 turns).

theblackgale the Martial Artist (Gnoll Transmuter)  Turns: 3584, Time: 00:33:46

Health: -6/106     AC: 28    Str: 12    XL:     9   Next: 44%
Magic:  0/21       EV:  2    Int: 13    God:    Ashenzari [......]
Gold:   259        SH:  0    Dex: 12    Spells: 23/24 levels left

rFire   . . .      SeeInvis .      - Unarmed
rCold   . . .      Faith    .    (no shield)
rNeg    . . .      Spirit   +    (body armour currently unavailable)
rPois   +          Reflect  .    (helmet currently unavailable)
rElec   .          Harm     .    (cloak currently unavailable)
rCorr   .          Rampage  .    (gloves currently unavailable)
Will    .....      NoTele   +    (boots currently unavailable)
Stlth   +++                      f - amulet of the Chained Vision {Spirit, Self, Comp} (curse)
HPRegen 0.37/turn                c - +4 ring of protection
MPRegen 0.17/turn                e - ring of poison resistance

@: tree-form
A: stationary, stasis, torment immunity, boosted hp, (fangs 1), strong nose,
distributed training, dopey 1
a: Renounce Religion, Shatter the Chains


You were on level 6 of the Dungeon.
You worshipped Ashenzari.
Ashenzari was noncommittal.
You were a tree.
You visited 1 branch of the dungeon, and saw 6 of its levels.
You also visited: Ossuary.

You collected 259 gold pieces.

Inventory:

Armour
 a - a +0 robe
 d - a +3 leather armour of fire resistance (melded)
Jewellery
 c - a +4 ring of protection (left branch)
 e - a ring of poison resistance (right branch)
 f - the cursed amulet of the Chained Vision (around neck) {Spirit, Self, Comp}
   (You found it on level 3 of the Dungeon)

   [amulet of guardian spirit]

   It causes incoming damage to be divided between your reserves of health and
   magic.
   It has a curse which improves the following skills: Introspection: Fighting
   and Spellcasting.
   Companions: Summonings and Necromancy.
 g - an amulet of the acrobat
 k - an amulet of magic regeneration
Wands
 h - a wand of polymorph (4)
Scrolls
 i - 3 scrolls of teleportation (quivered)
 j - a scroll of identify
Potions
 b - a potion of magic


   Skills:
 + Level 6.2(6.6) Fighting
 + Level 5.5 Short Blades
 + Level 5.5 Long Blades
 + Level 5.5 Axes
 + Level 5.5 Maces & Flails
 + Level 5.5 Polearms
 + Level 5.5 Staves
 + Level 5.5 Ranged Weapons
 + Level 5.5 Throwing
 + Level 5.5 Armour
 + Level 7.3 Dodging
 + Level 5.5 Stealth
 + Level 5.5 Shields
 + Level 8.7 Unarmed Combat
 + Level 7.5(8.0) Spellcasting
 + Level 4.5 Conjurations
 + Level 4.5 Hexes
 + Level 4.5(5.0) Summonings
 + Level 4.5(5.0) Necromancy
 + Level 4.5 Translocations
 + Level 6.0 Transmutations
 + Level 4.5 Fire Magic
 + Level 4.5 Ice Magic
 + Level 4.5 Air Magic
 + Level 4.5 Earth Magic
 + Level 4.5 Poison Magic
 + Level 6.1 Invocations
 + Level 5.5 Evocations


You had 23 spell levels left.
You knew the following spells:

 Your Spells              Type           Power      Damage    Failure   Level
a - Beastly Appendage     Tmut           40%        N/A       1%          1

Your spell library contained the following spells:

 Spells                   Type           Power      Damage    Failure   Level
 Wereblood                Tmut           20%        N/A       1%          2
 Ensorcelled Hibernation  Hex/Ice        34%        N/A       3%          2
 Spider Form              Tmut/Pois      19%        N/A       4%          3
 Vhi's Electric Charge    Tloc/Air       34%        N/A       6%          3
 Ice Form                 Ice/Tmut       19%        N/A       16%         4
 Anguish                  Hex/Necr       8%         N/A       19%         4
 Arcjolt                  Conj/Air       8%         1d18      50%         5
 Maxwell's Capacitive Co  Air            8%         ∞         100%        8


Dungeon Overview and Level Annotations

Branches:
Dungeon (6/15)            Ossuary (visited)
 Temple: D:4-7

Altars:
Ashenzari
Elyvilon
Kikubaaqudgha
Okawaru
Qazlal
Sif Muna
Trog
Yredelemnul
Zin
The Shining One


Innate Abilities, Weirdness & Mutations

You are a tree.
Your roots penetrate the ground, keeping you stationary.
You cannot be teleported.
You are immune to unholy pain and torment.
Your maximum health is greatly increased.
Your equipment is partially melded.
((You have very sharp teeth.))
Your uncanny sense of smell can sniff out nearby items.
Your experience applies equally to all skills.
You are dopey. (Int -2)


Message History

* * * LOW HITPOINT WARNING * * *
Aiming: Polymorph
Press: ? - help, Q - select action, (/) - cycle Shift-Dir - straight line, f - boulder beetle
Aim: a boulder beetle (lightly wounded, will become an eye of devastation, a guardian serpent, or a bunyip, chance to affect: 45%)
The boulder beetle evaporates and reforms as an eye of devastation!
Magic courses through your body.
You hit the centaur but do no damage. The centaur hits you.
* * * LOW HITPOINT WARNING * * *
The centaur completely misses you.
The centaur hits you but does no damage.
The centaur kicks you.
You smack the centaur!
The centaur is moderately wounded.
The centaur hits you.
The centaur kicks you but does no damage.
You hit the centaur.
The centaur is heavily wounded.
The centaur hits you but does no damage.
The centaur kicks you but does no damage.
You hit the centaur but do no damage.
The centaur is heavily wounded.
The centaur hits you but does no damage.
The centaur kicks you but does no damage.
The centaur hits you but does no damage.
The centaur kicks you but does no damage.
You hit the centaur.
The centaur is heavily wounded.
The centaur hits you but does no damage.
The centaur kicks you but does no damage.
You smack the centaur!
The centaur is almost dead.
The centaur hits you but does no damage.
The centaur barely misses you.
You barely miss the centaur.
The centaur is almost dead.
The centaur completely misses you.
The centaur kicks you but does no damage.
The eye of devastation gazes at you. The bolt of energy hits you!!
You die...

....#######
......#######
...##.......#
..########..########
..#...)..#..#..'!°:#
..#.8.#†.#..#..#○[?#
..#...#..#..#.°#$c?#
#######..#..#..#####
#......#..#..G♣..#
#......#..#..c...#
#..#####..#####..#
#..÷...#..#......#
#......#..#......#
#####..#..#..#####
#......#..#......#
#......#..#......#
#..#####..#####..#


You could see an eye of devastation and a centaur.

Vanquished Creatures
  A water moccasin (D:6)
  An ice beast (D:6)
  3 black bears
  A sky beast (D:5)
  2 ogres
  A phantom (D:5)
  3 elf zombies (Ossuary)
  A necrophage (D:6)
  3 scorpions
  A wight (D:6)
  A howler monkey (D:4)
  2 centaur zombies (Ossuary)
  3 jellies (D:6)
  2 human zombies (Ossuary)
  8 hounds
  5 iguanas
  3 orc wizards (D:6)
  2 hound zombies (Ossuary)
  3 mummies (Ossuary)
  Robin (D:2)
  3 gnolls (D:4)
  9 adders
  A shadow imp (D:6)
  An ufetubus (D:5)
  2 worms
  2 dart slugs
  6 orcs
  3 ball pythons
  4 endoplasms
  3 giant cockroaches
  9 goblins
  2 hobgoblins
  7 jackals
  7 kobolds
  3 bats
  2 frilled lizards (D:3)
  6 goblin zombies (Ossuary)
  4 hobgoblin zombies (Ossuary)
  4 jackal zombies (Ossuary)
  2 orc zombies (Ossuary)
  A quokka zombie (Ossuary)
  4 rats
  6 rat zombies (Ossuary)
138 creatures vanquished.

Notes
Turn   | Place    | Note
-------+----------+-------------------------------------------
     0 | D:1      | theblackgale the Gnoll Transmuter began the quest for the
                  | Orb.
     0 | D:1      | Reached XP level 1. HP: 17/17 MP: 6/6
    89 | D:1      | Reached XP level 2. HP: 23/23 MP: 5/7
   175 | D:1      | You fall into a shaft and drop 1 floor!
   229 | D:2      | Reached skill level 5 in Spellcasting
   229 | D:2      | Reached XP level 3. HP: 28/28 MP: 6/9
   276 | D:2      | Reached skill level 1 in Invocations
   349 | D:2      | Reached skill level 1 in Short Blades
   349 | D:2      | Reached skill level 1 in Long Blades
   349 | D:2      | Reached skill level 1 in Axes
   349 | D:2      | Reached skill level 1 in Maces & Flails
   349 | D:2      | Reached skill level 1 in Polearms
   349 | D:2      | Reached skill level 1 in Staves
   349 | D:2      | Reached skill level 1 in Ranged Weapons
   349 | D:2      | Reached skill level 1 in Throwing
   349 | D:2      | Reached skill level 1 in Armour
   349 | D:2      | Reached skill level 1 in Stealth
   349 | D:2      | Reached skill level 1 in Shields
   349 | D:2      | Reached skill level 1 in Evocations
   423 | D:2      | Reached XP level 4. HP: 34/34 MP: 9/11
   692 | D:2      | Noticed Robin
   698 | D:2      | Reached skill level 1 in Conjurations
   698 | D:2      | Reached skill level 1 in Hexes
   698 | D:2      | Reached skill level 1 in Summonings
   698 | D:2      | Reached skill level 1 in Necromancy
   698 | D:2      | Reached skill level 1 in Translocations
   698 | D:2      | Reached skill level 1 in Fire Magic
   698 | D:2      | Reached skill level 1 in Ice Magic
   698 | D:2      | Reached skill level 1 in Air Magic
   698 | D:2      | Reached skill level 1 in Earth Magic
   698 | D:2      | Reached skill level 1 in Poison Magic
   710 | D:2      | Killed Robin
   868 | D:3      | Found a stormy altar of Qazlal.
  1209 | D:3      | Reached XP level 5. HP: 40/40 MP: 10/12
  1231 | D:3      | Reached skill level 5 in Fighting
  1231 | D:3      | Reached skill level 8 in Unarmed Combat
  1231 | D:3      | Reached skill level 5 in Transmutations
  1231 | D:3      | Reached skill level 5 in Invocations
  1231 | D:3      | Reached XP level 6. HP: 51/51 MP: 12/15
  1362 | D:3      | Gained mutation: You are dopey. (Int -2) [potion of
                  | mutation]
  1428 | D:4      | Noticed a black bear
  1461 | D:4      | Killed a black bear
  1514 | D:4      | Found a sand-covered staircase.
  1524 | Ossuary  | Entered an ossuary
  1560 | Ossuary  | Reached XP level 7. HP: 38/56 MP: 13/17
  1730 | Ossuary  | Reached skill level 5 in Short Blades
  1730 | Ossuary  | Reached skill level 5 in Long Blades
  1730 | Ossuary  | Reached skill level 5 in Axes
  1730 | Ossuary  | Reached skill level 5 in Maces & Flails
  1730 | Ossuary  | Reached skill level 5 in Polearms
  1730 | Ossuary  | Reached skill level 5 in Staves
  1730 | Ossuary  | Reached skill level 5 in Ranged Weapons
  1730 | Ossuary  | Reached skill level 5 in Throwing
  1730 | Ossuary  | Reached skill level 5 in Armour
  1730 | Ossuary  | Reached skill level 5 in Stealth
  1730 | Ossuary  | Reached skill level 5 in Shields
  1730 | Ossuary  | Reached skill level 5 in Evocations
  1916 | D:4      | Reached XP level 8. HP: 64/64 MP: 16/18
  1945 | D:4      | Found a basalt altar of Yredelemnul.
  2004 | D:5      | Entered Level 5 of the Dungeon
  2017 | D:5      | Found a broken altar of Ashenzari.
  2021 | D:5      | Found an iron altar of Okawaru.
  2054 | D:5      | Became a worshipper of Ashenzari the Shackled
  2285 | D:5      | Found a bloodstained altar of Trog.
  2461 | D:5      | Found a glowing golden altar of the Shining One.
  2462 | D:5      | Found a white marble altar of Elyvilon.
  2463 | D:5      | Found a glowing silver altar of Zin.
  2742 | D:6      | Found an ancient bone altar of Kikubaaqudgha.
  2743 | D:6      | Found a shimmering blue altar of Sif Muna.
  3214 | D:6      | Reached XP level 9. HP: 58/69 MP: 16/20
  3560 | D:6      | Noticed a boulder beetle
  3575 | D:6      | HP: 5/106 [boulder beetle (8)]
  3576 | D:6      | a boulder beetle changed into an eye of devastation
  3576 | D:6      | Noticed an eye of devastation
  3584 | D:6      | Blown up by an eye of devastation

Illustrated notes

Levels and vault maps discovered:
D:1:      kennysheep_arrival_seaside, layout_rooms, serial_shops,
          nicolae_diamond_shop
D:2:      layout_basic, st_stairs_2, uniq_robin
D:3:      layout_basic, mainiacjoe_overflow_tiny_flanked
D:4:      layout_gridville, mainiacjoe_overflow_catwalk,
          nicolae_ossuary_entry_monument, dreamdust_wishing_well
D:5:      layout_rooms, good_gods_temple_1, grunt_temple_overflow_open,
          lemuel_doored_altar
D:6:      kennysheep_windowed_halls, layout_rooms, cheibrodos_worm_habitat,
          nicolae_overflow_hidden_temple, centaur_isle

Skill      XL: |  1  2  3  4  5  6  7  8  9 |
---------------+----------------------------+-----
Spellcasting   | 5 6 7 |  7.5
Invocations    | 1 5 6 |  6.1
Short Blades   | 1 4 5 |  5.5
Long Blades    | 1 4 5 |  5.5
Axes           | 1 4 5 |  5.5
Maces & Flails | 1 4 5 |  5.5
Polearms       | 1 4 5 |  5.5
Staves         | 1 4 5 |  5.5
Ranged Weapons | 1 4 5 |  5.5
Throwing       | 1 4 5 |  5.5
Armour         | 1 4 5 |  5.5
Stealth        | 1 4 5 |  5.5
Shields        | 1 4 5 |  5.5
Evocations     | 1 4 5 |  5.5
Conjurations   | 1 3 4 |  4.5
Hexes          | 1 3 4 |  4.5
Summonings     | 1 3 4 |  4.5
Necromancy     | 1 3 4 |  4.5
Translocations | 1 3 4 |  4.5
Fire Magic     | 1 3 4 |  4.5
Ice Magic      | 1 3 4 |  4.5
Air Magic      | 1 3 4 |  4.5
Earth Magic    | 1 3 4 |  4.5
Poison Magic   | 1 3 4 |  4.5
Fighting       | 5 6 |  6.2
Dodging        | 6 7 |  7.3
Unarmed Combat | 8 |  8.7
Transmutations | 5 6 |  6.0

Action                     |  1- 3 |  4- 6 |  7- 9 || total
---------------------------+-------+-------+-------++-------
  Melee: Unarmed           |    53 |   107 |   263 ||   423
         Kick              |     8 |    21 |    68 ||    97
         Headbutt          |     5 |     7 |    36 ||    48
         Bite              |     3 |     3 |    17 ||    23
         Punch             |       |     4 |    14 ||    18
   Cast: Beastly Appendage |    10 |    13 |    28 ||    51
 Invoke: Curse Item        |       |       |     1 ||     1
  Evoke: Wand              |       |       |     1 ||     1
    Use: Potion            |     1 |     6 |     9 ||    16
         Scroll            |     1 |     2 |     9 ||    12
   Stab: Sleeping          |       |     7 |     4 ||    11
 Armour: Robe              |    18 |    16 |       ||    34
         Leather armour    |       |    18 |   110 ||   128
         Skin              |       |    15 |    39 ||    54
  Dodge: Dodged            |    29 |    71 |   203 ||   303

Table legend: (Time is in decaauts)
 A = Elapsed time spent in this place.
 B = Non-inter-level travel time spent in this place.
 C = Inter-level travel time spent in this place.
 D = Time resting spent in this place.
 E = Time spent auto-exploring this place.
 F = Levels seen in this place.
 G = Mean time per level.
                   A        B        C        D        E       F      G
               +--------+--------+--------+--------+--------+-----+--------+
         Total |   3520 |   1694 |   1826 |    653 |      0 |   7 |  502.9 |
       Dungeon |   3152 |   1326 |   1826 |    590 |      0 |   6 |  525.3 |
       Ossuary |    368 |    368 |      0 |     63 |      0 |   1 |  368.0 |
               +--------+--------+--------+--------+--------+-----+--------+

Top non-repeatable levels by time:
     D:6: 889 daAuts
     D:2: 684 daAuts
     D:5: 669 daAuts
     D:3: 543 daAuts
 Ossuary: 368 daAuts
     D:4: 193 daAuts
     D:1: 171 daAuts
